 Dungeon Crawl Stone Soup version 0.25-a0-578-gc91f01c39c (webtiles) character file.

Game seed: 17522817053170724399, levelgen mode: deterministic

15 Lugonue the Ducker (level 2, -2/11 HPs)
             Began as a Felid Venom Mage on Mar 3, 2020.
             Slain by a jackal (3 damage)
             ... on level 2 of the Dungeon.
             The game lasted 00:01:23 (1069 turns).

Lugonue the Ducker (Felid Venom Mage)               Turns: 1069, Time: 00:01:23

Health: -2/11      AC:  1    Str:  4    XL:     2   Next: 34%
Magic:  0/6        EV: 18    Int: 16    God:
Gold:   16         SH:  0    Dex: 16    Spells: 2/5 levels left
                                        Lives:  0   Deaths: 0

rFire    . . .     SeeInvis +   (weapon unavailable)
rCold    . . .     Gourm    .   (shield unavailable)
rNeg     . . .     Faith    .   (armour unavailable)
rPois    .         Spirit   .   (helmet unavailable)
rElec    .         Reflect  .   (cloak unavailable)
rCorr    .         Harm     .   (gloves unavailable)
MR       .....                  (boots unavailable)
Stlth    +++.......             (no amulet)
HPRegen  0.03/turn              (no ring)
MPRegen  0.10/turn              (no ring)

@: very slightly contaminated, quick
A: very small, no armour, no weapons or thrown items, stealth, claws 1, fangs 3,
see invisible, carnivore, speed 1, shaggy fur 1, slow metabolism 1, sharp paws
a: no special abilities


You were on level 2 of the Dungeon.
You were not hungry.

You visited 1 branch of the dungeon, and saw 3 of its levels.

You collected 16 gold pieces.

Inventory:

Scrolls
 a - 2 scrolls of identify
 c - 2 scrolls of blinking {unknown}
 e - a scroll of teleportation {unknown}
Potions
 d - a potion of resistance
Comestibles
 b - 2 rations


   Skills:
 * Level 0.2 Fighting
 + Level 3.1 Dodging
 + Level 2.8 Stealth
 * Level 2.3 Spellcasting
 + Level 1.3 Transmutations
 + Level 2.8 Poison Magic


You had 2 spell levels left.
You knew the following spells:

 Your Spells              Type           Power        Failure   Level  Hunger
a - Sting                 Tmut/Pois      #...         9%          1    #......
b - Poisonous Vapours     Pois/Air       #.....       17%         2    ###....

Your spell library contained the following spells:

 Spells                   Type           Power        Failure   Level  Hunger
 Ignite Poison            Fire/Tmut/Pois #.......     34%         3    ###....
 Mephitic Cloud           Conj/Pois/Air  #.......     38%         3    ###....
 Olgreb's Toxic Radiance  Pois           ##......     54%         4    #####..


Dungeon Overview and Level Annotations

Branches:
Dungeon (3/15)

Altars:


Innate Abilities, Weirdness & Mutations

You cannot wear armour.
You are incapable of wielding weapons or throwing items.
Your paws allow you to move quietly. (Stealth)
You have sharp claws.
You have razor-sharp teeth.
You have supernaturally acute eyesight. (SInv)
You are carnivorous and can eat meat at any time.
You cover ground quickly.
You are covered in fur. (AC +1)
You have a slow metabolism.
Your sharp claws are effective at attacking unaware monsters.


Message History

Press: ? - help, Dir - move target cursor, f/p - quokka
Aim: a quokka (lightly wounded, poisoned) Poisonous vapours surround the quokka!
The quokka looks even sicker.
The quokka bites you. The jackal bites you.
* * * LOW HITPOINT WARNING * * *
The quokka is engulfed in poison gas.
The quokka looks even sicker.
You kill the quokka!
The jackal misses you.
You see here a quokka corpse.
The jackal bites you.
* * * LOW HITPOINT WARNING * * *
Okay, then.
Okay, then.
Casting: Poisonous Vapours (safe; 17% risk of failure)
Confirm with . or Enter, or press ? or * to list all spells.
Aiming: Sting (safe; 9% risk of failure)
Press: ? - help, Shift-Dir - straight line, f - jackal
Aim: a jackal The sting misses the jackal.
The jackal bites you.
You die...

##########
#.h..h@..#########
#.######.......(.#####
#.# #######.#.....#
#.## #..#...... #..#
#########.#...###
##†####.....÷<......#
#>h.##.............#
###...........##...#
###.........# ...#


You could see 2 jackals.

Vanquished Creatures
  A dart slug (D:1)
  2 leopard geckos
  A giant cockroach (D:2)
  A hobgoblin (D:1)
  A jackal (D:2)
  A quokka (D:2)
  A bat (D:1)
  3 kobolds (D:1)
11 creatures vanquished.

Notes
Turn   | Place    | Note
-------+----------+-------------------------------------------
     0 | D:1      | Lugonue the Felid Venom Mage began the quest for the Orb.
     0 | D:1      | Reached XP level 1. HP: 7/7 MP: 4/4
   501 | D:1      | Reached skill level 3 in Dodging
   552 | D:1      | Reached XP level 2. HP: 11/11 MP: 6/6
   804 | D:1      | Learned a level 2 spell: Poisonous Vapours
  1069 | D:2      | Slain by a jackal

Levels and vault maps discovered:
D:1:      eino_arrival_cavern_c, layout_basic, serial_forest,
          infiniplex_forest_diagonal, infiniplex_forest_straight_4,
          infiniplex_forest_end_1, infiniplex_forest_clump_long,
          infiniplex_forest_clump_medium, infiniplex_forest_clump_medium,
          infiniplex_forest_diagonal
D:2:      layout_rooms, first_ration
D:3:      layout_basic, minmay_joined_circles

Skill      XL: |  1 |
---------------+----+-----
Dodging        | 3 |  3.1
Fighting       | |  0.2
Stealth        | |  2.8
Spellcasting   | |  2.3
Transmutations | |  1.3
Poison Magic   | |  2.8

Action                   || total
-------------------------++-------
Melee: Unarmed           ||    22
 Cast: Sting             ||    13
       Poisonous Vapours ||     4
  Use: Scroll            ||     1
       Potion            ||     1
 Stab: Sleeping          ||     3
Armor: Skin              ||     2
Dodge: Dodged            ||    41

Table legend:
 A = Non-vault XP
 B = Vault XP
 C = Vault XP percentage of total XP
 D = Non-vault monster count
 E = Vault monster count
 F = Vault count percentage of total count
                 A         B        C        D         E       F
            +---------+---------+-------+---------+---------+-------
      Total |      22 |       0 |   0.0 |      11 |       0 |   0.0
            +---------+---------+-------+---------+---------+-------
        D:1 |      13 |       0 |   0.0 |       7 |       0 |   0.0
        D:2 |       9 |       0 |   0.0 |       4 |       0 |   0.0
            +---------+---------+-------+---------+---------+-------
